 Dungeon Crawl Stone Soup version 0.26-a0-1033-gd598b01645 (webtiles) character file.

Game seed: 9735011216139386951

10 PentaManta the Stinger (level 2, 15/15 HPs)
             Began as a Deep Elf Venom Mage on Dec 10, 2020.
             Got out of the dungeon alive.
             The game lasted 00:01:49 (435 turns).

PentaManta the Stinger (Deep Elf Venom Mage)         Turns: 435, Time: 00:01:49

Health: 15/15      AC:  3    Str:  5    XL:     2   Next: 10%
Magic:  8/8        EV: 12    Int: 19    God:
Gold:   33         SH:  0    Dex: 15    Spells: 7/8 levels left

rFire    . . .     SeeInvis .   (no weapon)
rCold    . . .     Faith    .   (no shield)
rNeg     . . .     Spirit   .   d - +0 leather armour
rPois    .         Reflect  .   (no helmet)
rElec    .         Harm     .   (no cloak)
rCorr    .         Rampage  .   (no gloves)
Will     .....                  (no boots)
Stlth    ++........             (no amulet)
HPRegen  0.05/turn              (no ring)
MPRegen  0.11/turn              (no ring)

@: no status effects
A: no striking features
a: no special abilities


You escaped.
You visited 1 branch of the dungeon, and saw 1 of its levels.

You collected 33 gold pieces.

Inventory:

Armour
 a - a +0 robe
 d - a +0 leather armour (worn)
Scrolls
 c - a scroll of fog {unknown}
 e - 2 scrolls of identify {unknown}
Potions
 b - a potion of curing {unknown}


   Skills:
 - Level 2.4 Dodging
 - Level 2.4 Stealth
 + Level 3.5 Spellcasting
 - Level 1.1 Transmutations
 + Level 3.6 Poison Magic


You had 7 spell levels left.
You knew the following spells:

 Your Spells              Type           Power        Failure   Level
a - Sting                 Tmut/Pois      ##..         9%          1

Your spell library contained the following spells:

 Spells                   Type           Power        Failure   Level
 Poisonous Vapours        Pois/Air       ##....       17%         2
 Ignite Poison            Fire/Tmut/Pois #.......     36%         3
 Mephitic Cloud           Conj/Pois/Air  #.......     41%         3
 Olgreb's Toxic Radiance  Pois           ###.....     47%         4


Dungeon Overview and Level Annotations

Branches:
Dungeon (1/15)

Altars:


Message History

e - a scroll labelled UCSUGH DARURGHI
Found 22 arrows.
Found a robe.
e - 2 scrolls labelled UCSUGH DARURGHI (gained 1)
A bat comes into view.
A bat is nearby!
Aiming: Sting (safe; 9% risk of failure)
Press: ? - help, Q - select action Shift-Dir - straight line, f - bat
Aim: a bat (asleep, 0% to evade)
The sting hits the bat.
The bat is poisoned.
You kill the bat!
Unknown command.
You see here a bat corpse.
You see here a stone.
You see here 20 stones.
You see here a giant cockroach corpse.
You see here a dart slug corpse.
There is a staircase leading out of the dungeon here.
Are you sure you want to leave the Dungeon?
This will make you lose the game!
You have escaped!

##≈≈≈≈≈≈≈≈≈≈##.##.#.....
##≈≈≈≈≈≈≈≈≈≈≈≈#..#.#.....
##≈≈≈≈≈≈≈≈≈≈≈≈≈≈#.#.#.....
#≈≈≈8≈≈≈≈≈≈≈≈8≈≈≈.#.####.#
#≈≈≈≈≈≈≈≈≈≈≈≈≈≈≈≈.........
#≈≈≈≈≈≈≈≈≈...≈≈≈≈..##.####
#######≈≈≈≈≈≈≈≈.≈≈≈.≈≈...##.####
#......≈≈≈≈≈≈≈>.≈≈≈≈..≈........#
#.#####≈..≈≈≈≈.@≈≈≈≈≈≈≈.##.#....
#.##....≈≈.≈≈≈.≈≈≈≈≈≈≈≈.....##.#
##.##.#.≈≈≈≈...≈≈≈≈≈≈≈≈≈.###.....
#.....##≈≈≈≈≈≈≈≈≈≈≈≈≈≈≈≈.# ###...
#.......≈≈≈8≈≈≈≈≈≈≈≈8≈≈≈.# #...
#.#######≈≈≈≈≈≈≈≈≈≈≈≈≈≈.## #...
#.# ##≈≈≈≈≈≈≈≈≈≈≈≈..# #...
#.#########≈≈≈≈≈≈≈≈≈≈.#.# #...
#.....##...........##.#.# #†..


There were no monsters in sight!

Vanquished Creatures
  A dart slug (D:1)
  A giant cockroach (D:1)
  A hobgoblin (D:1)
  A kobold (D:1)
  2 bats (D:1)
  A frilled lizard (D:1)
  2 rats (D:1)
9 creatures vanquished.

Notes
Turn   | Place    | Note
-------+----------+-------------------------------------------
     0 | D:1      | PentaManta the Deep Elf Venom Mage began the quest for the
                  | Orb.
     0 | D:1      | Reached XP level 1. HP: 10/10 MP: 6/6
   309 | D:1      | Reached XP level 2. HP: 13/15 MP: 4/8
   435 | D:$      | Got out of the dungeon alive.

Illustrated notes

Levels and vault maps discovered:
D:1:      nzn_arrival_water_spiral, layout_loops_cross

Action                   || total
-------------------------++-------
Melee: Unarmed           ||     5
 Cast: Sting             ||    17
Armor: Robe              ||     1
Dodge: Dodged            ||    16

Table legend: (Time is in decaauts)
 A = Elapsed time spent in this place.
 B = Non-inter-level travel time spent in this place.
 C = Inter-level travel time spent in this place.
 D = Time resting spent in this place.
 E = Time spent auto-exploring this place.
 F = Levels seen in this place.
 G = Mean time per level.
                   A        B        C        D        E       F      G
               +--------+--------+--------+--------+--------+-----+--------+
         Total |    435 |    388 |     47 |      0 |    306 |   1 |  435.0 |
       Dungeon |    435 |    388 |     47 |      0 |    306 |   1 |  435.0 |
               +--------+--------+--------+--------+--------+-----+--------+

Top non-repeatable levels by time:
     D:1: 435 daAuts
